 Dungeon Crawl Stone Soup version 0.26.1-11-gd32895ea62 (webtiles) character file.

Game seed: 9828975838657809529

232 Eitelfritz the Slasher (level 5, -3/45 HPs)
             Began as a Minotaur Gladiator on May 27, 2021.
             Killed from afar by an orc wizard (8 damage)
             ... with a magic dart
             ... on level 3 of the Dungeon.
             The game lasted 00:03:45 (3054 turns).

Eitelfritz the Slasher (Minotaur Gladiator)         Turns: 3054, Time: 00:03:45

Health: -3/45      AC:  3    Str: 18    XL:     5   Next: 73%
Magic:  4/4        EV: 13    Int:  6    God:
Gold:   36         SH:  0    Dex: 12    Spells: 4/4 levels left

rFire    . . .     SeeInvis .   a - +0 long sword
rCold    . . .     Faith    .   (no shield)
rNeg     . . .     Spirit   .   b - +0 leather armour
rPois    .         Reflect  .   c - +0 hat
rElec    .         Harm     .   (no cloak)
rCorr    .         Rampage  .   (no gloves)
Will     .....                  (no boots)
Stlth    +.........             (no amulet)
HPRegen  0.15/turn              (no ring)
MPRegen  0.09/turn              (no ring)

@: confused
A: retaliatory headbutt, horns 2
a: no special abilities


You were on level 3 of the Dungeon.
You visited 1 branch of the dungeon, and saw 3 of its levels.

You collected 36 gold pieces.

Inventory:

Hand Weapons
 a - a +0 long sword (weapon)
 p - a +0 flail
Missiles
 d - 2 throwing nets (quivered)
Armour
 b - a +0 leather armour (worn)
 c - a +0 hat (worn)
Wands
 k - a wand of random effects (22)
Scrolls
 e - a scroll of identify {unknown}
 f - 3 scrolls of teleportation {unknown}
 g - 2 scrolls of remove curse {unknown}
 h - 2 scrolls of amnesia {unknown}
 j - a scroll of magic mapping {unknown}
 n - a scroll of blinking {unknown}
 o - a scroll of fog {unknown}
Potions
 i - a potion of resistance {unknown}
 l - a potion of curing {unknown}
 m - 2 potions of experience {unknown}


   Skills:
 + Level 3.4 Fighting
 + Level 5.9 Long Blades
 + Level 2.3 Throwing
 + Level 2.7 Armour
 + Level 4.2 Dodging
 + Level 0.2 Stealth


You had 4 spell levels left.
You didn't know any spells.
Your spell library was empty.

Dungeon Overview and Level Annotations

Branches:
Dungeon (3/15)

Altars:
Ashenzari
Nemelex Xobeh
Xom


Innate Abilities, Weirdness & Mutations

You reflexively headbutt those who attack you in melee.
You have a pair of horns on your head.


Message History

The orc wizard hits you with a +0 dagger.
* * * LOW HITPOINT WARNING * * *
Unknown command.
You bump into the rock wall.
The orc hits you with a +0 short sword!
* * * LOW HITPOINT WARNING * * *
A rat comes into view.
The orc wizard barely misses you. The orc closely misses you.
Unknown command.
The orc closely misses you.
The orc wizard gestures at itself while chanting.
The orc wizard flickers and vanishes!
Deactivating autopickup; reactivate with Ctrl-A.
You barely miss the orc. The orc hits you but does no damage.
The orc misses you.
Unknown command.
You closely miss the orc. The orc barely misses you.
You hear some strange, mumbled words.
A magic dart appears from out of thin air!
The magic dart hits you!
You die...

........ .......
...... ..r.#
#...# #.o.#
######.g.#
..!...oo{#
#####.@.#
#.#.#####+###
#.#.[#.......
####.#..#.......
........#.......
................
##.....#.###.##
.......#.###.#
.......#..##.#


You could see 3 orcs, a goblin and a rat.

Vanquished Creatures
  A water moccasin skeleton (D:2)
  An orc priest (D:3)
  4 gnolls
  3 adders (D:2)
  A shadow imp (D:2)
  2 oozes
  A worm (D:2)
  4 dart slugs
  11 bats
  3 giant cockroaches
  7 goblins
  7 hobgoblins
  A quokka (D:2)
  4 frilled lizards
  9 kobolds
  4 rats
63 creatures vanquished.

Vanquished Creatures (others)
  2 plants (D:1)
2 creatures vanquished.

Grand Total: 65 creatures vanquished

Notes
Turn   | Place    | Note
-------+----------+-------------------------------------------
     0 | D:1      | Eitelfritz the Minotaur Gladiator began the quest for the
                  | Orb.
     0 | D:1      | Reached XP level 1. HP: 18/18 MP: 0/0
    79 | D:1      | Reached skill level 4 in Long Blades
    79 | D:1      | Reached XP level 2. HP: 2/25 MP: 1/1
   592 | D:1      | Reached XP level 3. HP: 30/30 MP: 2/2
  1201 | D:2      | Found a sparkling altar of Nemelex Xobeh.
  1215 | D:2      | Reached skill level 1 in Armour
  1215 | D:2      | Reached XP level 4. HP: 13/38 MP: 3/3
  1718 | D:2      | Reached skill level 5 in Long Blades
  2004 | D:2      | Reached XP level 5. HP: 40/45 MP: 4/4
  2511 | D:2      | Found a shimmering altar of Xom.
  2589 | D:2      | Found a broken altar of Ashenzari.
  3054 | D:3      | Killed from afar by an orc wizard

Illustrated notes

Levels and vault maps discovered:
D:1:      kennysheep_arrival_seaside, layout_basic, serial_bayou_ford_a,
          chequers_big_river, minmay_misc_feat_more_columns
D:2:      layout_basic, overflow_temple_1_default, ashenzari_altar_1,
          xom_butterflies, grunt_ministairs_13
D:3:      layout_basic, fedhas_altar_fruit_tree, gammafunk_temple_overflow_claw,
          chequers_ecumenical_altar_island

Skill      XL: |  1  2  3  4 |
---------------+-------------+-----
Long Blades    | 4 5 |  5.9
Fighting       | 3 |  3.4
Armour         | 1 2 |  2.7
Dodging        | 4 |  4.2
Throwing       | |  2.3
Stealth        | |  0.2

Action                   |  1- 3 |  4- 6 || total
-------------------------+-------+-------++-------
Melee: Long sword        |    49 |    73 ||   122
       Headbutt          |     9 |    13 ||    22
Throw: Throwing net      |     1 |       ||     1
Armor: Leather armour    |    14 |    13 ||    27
Dodge: Dodged            |    53 |    56 ||   109
       Rpst.: Long sword |    16 |    13 ||    29
